 Dungeon Crawl Stone Soup version 0.29-a0-892-g2c4c91d9db (webtiles) character file.

Game seed: 18349860659275499275

544 Bnni the Slasher (level 7, 0/55 HPs)
             Began as a Demonspawn Gladiator on July 23, 2022.
             Killed by nerve-wracking pain
             ... invoked by an orc priest
              (11 damage)
             ... on level 5 of the Dungeon.
             The game lasted 00:11:19 (3892 turns).

Bnni the Slasher (Demonspawn Gladiator)             Turns: 3892, Time: 00:11:19

Health: 0/55       AC:  8    Str: 14    XL:     7   Next: 6%
Magic:  7/7        EV: 10    Int: 10    God:
Gold:   124        SH:  9    Dex: 16    Spells: 6/6 levels left

rFire   . . .      SeeInvis .   a - +0 long sword
rCold   . . .      Faith    .   (no shield)
rNeg    . . .      Spirit   .   j - +0 scale mail
rPois   .          Reflect  +   (helmet restricted)
rElec   .          Harm     .   t - +0 cloak
rCorr   .          Rampage  .   w - +0 pair of gloves
Will    .....                   (no boots)
Stlth   ..........              q - amulet of reflection
HPRegen 0.18/turn               (no ring)
MPRegen 0.10/turn               (no ring)

@: no status effects
A: horns 1, large bone plates 1, demonic guardian 1, ignite blood 3
a: no special abilities


You were on level 5 of the Dungeon.
You visited 2 branches of the dungeon, and saw 6 of its levels.

You collected 124 gold pieces.

Inventory:

Hand Weapons
 a - a +0 long sword (weapon)
Missiles
 d - 2 throwing nets (quivered)
 e - a javelin
 l - 14 poisoned darts
Armour
 j - a +0 scale mail (worn)
 t - a +0 cloak (worn)
 w - a +0 pair of gloves (worn)
Jewellery
 q - an amulet of reflection (around neck)
Scrolls
 c - a scroll of amnesia {unknown}
 f - a scroll of poison {unknown}
 h - 4 scrolls of teleportation
 m - a scroll of enchant weapon {unknown}
 n - a scroll of blinking {unknown}
 p - a scroll of vulnerability {unknown}
 r - 2 scrolls of butterflies {unknown}
 u - a scroll of noise {unknown}
Potions
 b - 2 potions of brilliance
 g - 4 potions of mutation
 i - 2 potions of might
 k - 2 potions of cancellation
 o - a potion of flight {unknown}
 s - a potion of berserk rage
 x - a potion of ambrosia {unknown}


   Skills:
 + Level 4.6 Fighting
 * Level 6.2 Long Blades
 - Level 1.7 Throwing
 - Level 2.6 Dodging


You had 6 spell levels left.
You didn't know any spells.
Your spell library contained the following spells:

 Spells                   Type           Power      Damage    Failure   Level
 Dazzling Flash           Conj/Hex       0%         N/A       99%         3
 Iskenderun's Mystic Bla  Conj/Tloc      0%         2d3       100%        4
 Starburst                Conj/Fire      0%         6d3       100%        6


Dungeon Overview and Level Annotations

Branches:
Dungeon (5/15)             Temple (1/1) D:4

Altars:
Ashenzari
Fedhas
Gozag
Kikubaaqudgha
Makhleb
Nemelex Xobeh
Ru
Sif Muna
Uskayaw
Vehumet
Wu Jian
Xom
Yredelemnul


Innate Abilities, Weirdness & Mutations

You have a pair of small horns on your head.
You are partially covered in large bone plates. (SH +4)
A weak demonic guardian rushes to your aid.
Your demonic aura causes all spilled blood to erupt in flames.


Message History

Your surroundings suddenly seem different.
An adder, 2 orc priests and 2 orcs come into view.
The adder hisses angrily.
The orc priest shouts! x2; The orc shouts! x2
You have reached level 7!
Your demonic ancestry asserts itself...
Your blood burns even hotter!
You hit the orc priest but do no damage.
The orc priest invokes the aid of Beogh against you.
You struggle to resist.
The orc priest casts a cantrip, but nothing happens.
Unknown command.
You hit the orc priest.
The orc priest is lightly wounded.
The orc priest is engulfed in blazing flames.
The orc priest mumbles some strange prayers to Beogh against you.
You struggle to resist.
You block the orc's attack.
The orc priest invokes the aid of Beogh against you.
Beogh smites you!
* * * LOW HITPOINT WARNING * * *
The orc hits you with a +0 flail!
* * * LOW HITPOINT WARNING * * *
A demonic guardian appears!
You block the orc's attack.
The orc priest is engulfed in blazing flames.
You kill the orc priest!
You feel better. You block the orc's attack.
Your shadow imp hits the orc.
The orc hits you but does no damage.
You closely miss the orc.
The orc is lightly wounded.
The orc hits you with a +0 flail!
* * * LOW HITPOINT WARNING * * *
You block the orc's attack.
The orc priest invokes the aid of Beogh against you.
Pain shoots through your body!
* * * LOW HITPOINT WARNING * * *
Your shadow imp hits the orc.
The orc is engulfed in blazing flames.
You kill the orc!
The orc priest invokes the aid of Beogh against you.
Pain shoots through your body!
You die...

... # #.. # .#.#
.#. .#.# ... ... #
.. #.### #
.#..#.#5..#.#
......§○....#
..#...o○@.#.#
....#.So###
###.....# ##.##
###.#§..... #.
...<....... ..
...^.≈≈≈≈≈≈ §§.
....§§.......≈.
....§§.###.#§≈..#
.....§.#...#.≈..##


You could see an orc priest, an adder, an orc and a friendly shadow imp
(summoned).

Vanquished Creatures
  A black bear (D:4)
  A necrophage (D:4)
  A howler monkey (D:4)
  A hound (D:3)
  2 orc priests (D:5)
  Terence (D:2)
  2 iguanas
  5 adders
  3 gnolls (D:4)
  An ufetubus (D:4)
  A worm (D:2)
  3 dart slugs
  13 orcs
  12 ball pythons
  4 bats
  4 endoplasms
  6 giant cockroaches
  6 goblins
  4 hobgoblins
  4 jackals (D:2)
  11 kobolds
  3 quokkas
  A frilled lizard (D:3)
  8 rats
98 creatures vanquished.

Notes
Turn   | Place    | Note
-------+----------+-------------------------------------------
     0 | D:1      | Bnni the Demonspawn Gladiator began the quest for the Orb.
     0 | D:1      | Reached XP level 1. HP: 16/16 MP: 1/1
   117 | D:1      | Reached skill level 3 in Long Blades
   162 | D:1      | Gained mutation: Your demonic aura sometimes causes spilled
                  | blood to erupt in flames. [demonic ancestry]
   162 | D:1      | Reached XP level 2. HP: 22/22 MP: 2/2
   691 | D:2      | Found a faded altar of an unknown god.
   706 | D:2      | Gained mutation: You have a pair of small horns on your
                  | head. [demonic ancestry]
   706 | D:2      | Reached XP level 3. HP: 26/28 MP: 3/3
   803 | D:2      | Reached skill level 4 in Long Blades
  1032 | D:2      | Noticed Terence
  1113 | D:2      | Killed Terence
  1114 | D:2      | Gained mutation: A weak demonic guardian rushes to your
                  | aid. [demonic ancestry]
  1114 | D:2      | Reached XP level 4. HP: 35/35 MP: 4/4
  2407 | D:3      | Gained mutation: You are partially covered in large bone
                  | plates. (SH +4) [demonic ancestry]
  2407 | D:3      | Reached XP level 5. HP: 41/41 MP: 5/5
  2799 | D:4      | Reached skill level 5 in Long Blades
  2869 | D:4      | Gained mutation: Your demonic aura often causes spilled
                  | blood to erupt in flames. [demonic ancestry]
  2869 | D:4      | Reached XP level 6. HP: 41/48 MP: 6/6
  3193 | D:4      | Found a staircase to the Ecumenical Temple.
  3200 | Temple   | Entered the Ecumenical Temple
  3423 | D:4      | Found an ancient bone altar of Kikubaaqudgha.
  3432 | D:4      | Reached skill level 6 in Long Blades
  3798 | D:5      | Entered Level 5 of the Dungeon
  3888 | D:5      | Gained mutation: Your demonic aura causes all spilled blood
                  | to erupt in flames. [demonic ancestry]
  3888 | D:5      | Reached XP level 7. HP: 28/55 MP: 7/7
  3892 | D:5      | Killed from afar by an orc priest

Illustrated notes

Levels and vault maps discovered:
D:1:      saegor_arrival_simple_a, layout_rooms
D:2:      layout_rooms, serial_curves, eino_curves_03, eino_curves_01,
          hellmonk_ecumenical_altar_blasted, uniq_terence
D:3:      layout_basic
D:4:      layout_loops_ring, lemuel_round_altar,
          minmay_temple_entry_statues_pillars
D:5:      layout_basic, mainiacjoe_overflow_brackets, corexii_leaking_fountain
Temple:   nicolae_temple_superstar

Skill      XL: |  1  2  3  4  5  6 |
---------------+-------------------+-----
Long Blades    | 3 4 5 6 |  6.2
Fighting       | 3 4 |  4.6
Throwing       | |  1.7
Dodging        | |  2.6

Action                   |  1- 3 |  4- 6 |  7- 9 || total
-------------------------+-------+-------+-------++-------
Melee: Long sword        |    96 |   159 |     3 ||   258
       Headbutt          |     4 |    35 |       ||    39
       Punch             |     2 |     1 |       ||     3
Throw: Dart              |     2 |     1 |       ||     3
       Throwing net      |     1 |       |       ||     1
  Use: Scroll            |     1 |     5 |       ||     6
       Potion            |       |     1 |     1 ||     2
Armor: Scale mail        |    50 |    55 |     1 ||   106
       Leather armour    |     2 |       |       ||     2
Dodge: Dodged            |    63 |    85 |       ||   148
Block: Other             |       |    40 |     4 ||    44
       Reflection        |       |     1 |       ||     1

Table legend: (Time is in decaauts)
 A = Elapsed time spent in this place.
 B = Non-inter-level travel time spent in this place.
 C = Inter-level travel time spent in this place.
 D = Time resting spent in this place.
 E = Time spent auto-exploring this place.
 F = Levels seen in this place.
 G = Mean time per level.
                   A        B        C        D        E       F      G
               +--------+--------+--------+--------+--------+-----+--------+
         Total |   3938 |   3762 |    176 |    889 |   1930 |   6 |  656.3 |
       Dungeon |   3862 |   3696 |    166 |    889 |   1930 |   5 |  772.4 |
        Temple |     75 |     65 |     10 |      0 |      0 |   1 |   75.0 |
               +--------+--------+--------+--------+--------+-----+--------+

Top non-repeatable levels by time:
     D:4: 1118 daAuts
     D:3: 985 daAuts
     D:2: 914 daAuts
     D:1: 748 daAuts
     D:5: 94 daAuts
  Temple: 75 daAuts
